 Dungeon Crawl Stone Soup version 0.24-a0-179-g7a2c91a (console) character file.

Game seed: 10499481240242058959

6 Duffy the Insei (level 1, 0/13 HPs)
             Began as an Octopode Transmuter on Mar 13, 2019.
             Slain by a leopard gecko (3 damage)
             ... on level 1 of the Dungeon.
             The game lasted 00:00:17 (374 turns).

Duffy the Insei (Octopode Transmuter)                Turns: 374, Time: 00:00:17

Health: 0/13       AC:  1    Str:  9    XL:     1   Next: 90%
Magic:  3/3        EV: 13    Int: 15    God:
Gold:   40         SH:  0    Dex: 12    Spells: 3/4 levels left

rFire    . . .     SeeInvis .     - Unarmed
rCold    . . .     Gourm    .   (no shield)
rNeg     . . .     Faith    .   (helmet restricted)
rPois    .         Spirit   .   (no amulet)
rElec    .         Reflect  .   (no ring)
rCorr    .         Harm     .   (no ring)
MR       .....                  (no ring)
Stlth    ++........             (no ring)
HPRegen  0.04/turn              (no ring)
MPRegen  0.08/turn              (no ring)
                                (no ring)
                                (no ring)

@: no status effects
A: almost no armour, stealthy swim, amphibious, 8 rings, constrict 8, camouflage
1, gelatinous body 1
a: no special abilities


You were on level 1 of the Dungeon.
You were not hungry.

You visited 1 branch of the dungeon, and saw 1 of its levels.

You collected 40 gold pieces.

Inventory:

Missiles
 a - 19 arrows
Scrolls
 d - 3 scrolls of magic mapping {unknown}
 e - a scroll of fear {unknown}
 f - a scroll of blinking {unknown}
 g - a scroll of enchant weapon {unknown}
Potions
 b - a potion of berserk rage {unknown}
 h - a potion of agility {unknown}
 i - a potion of lignification {unknown}
 j - 2 potions of heal wounds {unknown}
 l - a potion of curing {unknown}
Comestibles
 c - 2 rations
 k - a chunk of flesh


   Skills:
 - Level 1.0 Fighting
 - Level 2.0 Dodging
 + Level 3.1 Unarmed Combat
 + Level 2.1 Spellcasting
 + Level 2.2 Transmutations


You had 3 spell levels left.
You knew the following spells:

 Your Spells              Type           Power        Failure   Level  Hunger
h - Beastly Appendage     Tmut           #.....       9%          1    #......

Your spell library contained the following spells:

 Spells                   Type           Power        Failure   Level  Hunger
 Sticks to Snakes         Tmut           #.......     13%         2    ###....
 Spider Form              Tmut/Pois      #.........   38%         3    ###....
 Ice Form                 Ice/Tmut       #.......     80%         4    #####..
 Blade Hands              Tmut           #.........   94%         5    ######.


Dungeon Overview and Level Annotations

Branches:
Dungeon (1/15)

Altars:


Innate Abilities, Weirdness & Mutations

You cannot wear most types of armour.
You are very stealthy in the water. (Stealth+)
You are amphibious.
You can wear up to eight rings at the same time.
You can use your tentacles to constrict eight enemies at once.
Your skin changes colour to match your surroundings (Stealth+).
Your rubbery body absorbs attacks. (AC +1, EV +1)


Message History

The leopard gecko hisses angrily.
The leopard gecko moves out of view.
The leopard gecko is too close now for your liking.
A leopard gecko is nearby!
A leopard gecko is nearby!
You closely miss the leopard gecko. Your grab misses the leopard gecko.
The leopard gecko bites you. x2
You are too injured to fight recklessly!
You tentacle-slap the leopard gecko but do no damage.
Your grab misses the leopard gecko. The leopard gecko misses you.
You are too injured to fight recklessly!
You closely miss the leopard gecko. Your grab misses the leopard gecko.
The leopard gecko barely misses you.
You closely miss the leopard gecko. Your grab misses the leopard gecko.
The leopard gecko barely misses you.
You tentacle-slap the leopard gecko but do no damage.
Your grab misses the leopard gecko. The leopard gecko bites you.
You closely miss the leopard gecko. You grab the leopard gecko.
You constrict the leopard gecko. The leopard gecko bites you.
You die...

###...## .......#
###....# #### #
##.#.#######... #
#...%##.....#
####.......##..### ##
........##..#....# ..###
~~###...#..##..#.##......
~~~~#...##.....#.@l......
~~~~##.....###.#.........
(~~~##.##### #.##........
..~~##. #.####...##.
...~##. #.# ...# .~~~#
#.# #.## ..~~# ..# .#
..### ### .. .##


You could see a leopard gecko.

Vanquished Creatures
  2 goblins (D:1)
  A hobgoblin (D:1)
  A kobold (D:1)
  2 rats (D:1)
6 creatures vanquished.

Notes
Turn   | Place    | Note
-------+----------+-------------------------------------------
     0 | D:1      | Duffy the Octopode Transmuter began the quest for the Orb.
     0 | D:1      | Reached XP level 1. HP: 13/13 MP: 3/3
   374 | D:1      | Slain by a leopard gecko

Levels and vault maps discovered:
D:1:      dpeg_arrival_pond, layout_loops_ring, minmay_pentomino_u2

Action                   || total
-------------------------++-------
Melee: Unarmed           ||    14
       Constrict         ||     5
       Punch             ||     1
       Tentacles         ||     1
 Stab: Sleeping          ||     2
Dodge: Dodged            ||     9

Table legend:
 A = Non-vault XP
 B = Vault XP
 C = Vault XP percentage of total XP
 D = Non-vault monster count
 E = Vault monster count
 F = Vault count percentage of total count
                 A         B        C        D         E       F
            +---------+---------+-------+---------+---------+-------
      Total |       6 |       3 |  33.3 |       4 |       2 |  33.3
            +---------+---------+-------+---------+---------+-------
        D:1 |       6 |       3 |  33.3 |       4 |       2 |  33.3
            +---------+---------+-------+---------+---------+-------
